 Dungeon Crawl Stone Soup version 0.30-a0-652-gcc886f7154 (webtiles) character file.

Game seed: 7118764872878531264

44 browni3141 the Sneak (level 3, 0/22 HPs)
             Began as a Kobold Brigand on Jan 17, 2023.
             Succumbed to a goblin's poison
             ... on level 2 of the Dungeon.
             The game lasted 00:04:18 (1318 turns).

browni3141 the Sneak (Kobold Brigand)               Turns: 1318, Time: 00:04:18

Health: 0/22       AC:  4    Str:  7    XL:     3   Next: 85%
Magic:  3/3        EV: 15    Int: 11    God:
Gold:   50         SH:  0    Dex: 22    Spells: 2/2 levels left

rFire   . . .      SeeInvis .    a - +2 dagger
rCold   + . .      Faith    .    (no shield)
rNeg    . . .      Spirit   .    b - +0 robe
rPois   .          Reflect  .    (no helmet)
rElec   .          Harm     .    c - +0 cloak
rCorr   .          Rampage  .    j - +0 pair of gloves
Will    +....                    (no boots)
Stlth   +++++                    (no amulet)
HPRegen 0.23/turn                (no ring)
MPRegen 0.08/turn                (no ring)

@: lethally poisoned (0 -> -7)
A: small, no large weapons, nightstalker 3, agile 1, cold resistance 1, high MP
1, strong-willed 1
a: no special abilities


You were on level 2 of the Dungeon.
You visited 1 branch of the dungeon, and saw 2 of its levels.

You collected 50 gold pieces.

Inventory:

Hand Weapons
 a - a +2 dagger (weapon)
Missiles
 d - 3 poisoned darts (quivered)
 e - 3 curare-tipped darts
Armour
 b - a +0 robe (worn)
 c - a +0 cloak (worn)
 j - a +0 pair of gloves (worn)
Wands
 m - a wand of iceblast (8)
Scrolls
 h - a scroll of noise {unknown}
 i - a scroll of immolation {unknown}
 l - a scroll of magic mapping {unknown}


   Skills:
 + Level 2.6 Fighting
 + Level 3.2 Short Blades
 - Level 2.1 Throwing
 * Level 2.4 Dodging
 * Level 6.0 Stealth


You had 2 spell levels left.
You didn't know any spells.
Your spell library was empty.

Dungeon Overview and Level Annotations

Branches:
Dungeon (2/15)

Altars:

Shops:
D:2 (


Innate Abilities, Weirdness & Mutations

You are small and have problems with some larger weapons.
You are completely attuned to the shadows.
You are agile. (Dex +4, Str/Int -1)
Your flesh is cold resistant. (rC+)
You have an increased reservoir of magic. (+10% MP)
You are strong-willed. (Will+)


Message History

You escape the ball python's grasp.
The ball python looks more healthy.
You throw a poisoned dart. The poisoned dart hits the ball python.
The ball python is poisoned.
The ball python is moderately wounded.
You kill the ball python!
You throw a poisoned dart.
The poisoned dart barely misses the goblin.
You throw a poisoned dart. The poisoned dart hits the goblin.
The goblin is poisoned.
The goblin hits you but does no damage.
You are poisoned.
You throw a poisoned dart. The poisoned dart hits the goblin.
The goblin looks even sicker.
The goblin is moderately wounded.
You feel sick.
The goblin hits you with a +2 dagger of venom.
You are lethally poisoned!
Okay, then.
It was a potion of resistance.
You feel protected.
You feel very sick.
The goblin hits you with a +2 dagger of venom.
It was a potion of cancellation.
Your magical effects are unravelling.
You feel magically purged.
Your resistance to elements expires.
* * * LOW HITPOINT WARNING * * *
You feel very sick. The goblin barely misses you.
It was a potion of mutation.
You feel extremely strange.
You feel more energetic.
You feel strong-willed.
You feel resistant to cold.
You feel agile.
* * * LOW HITPOINT WARNING * * *
You feel sick.
You kill the goblin!
* * * LOW HITPOINT WARNING * * *
You feel sick.
Things that are here:
a +2 dagger of venom; 2 poisoned darts; a goblin corpse You die...

#..# #.#....# ........#
#..# #.#....#
..(.....##.#..# #.#....#
........##.#..####.#....#
........##.#.......#....#
#+#'### #.#.#######.#####
#.....# #.............>..
#.....#####.########.######
#.......(.@)..... #.#.....
#.#+#...#...##### #.#.####
#.#.#...#....# #.#.#
#.......#.#..# #.#.#
##.#...#.#.#..# #. #.#.#
#...#.#..#†#..# #.##.#.#
#....∩.....#..####.#..#.#
#...#.#...##.......#..#.#
#.)#...#.## .......#.#


There were no monsters in sight!

Vanquished Creatures
  A dart slug (D:1)
  4 endoplasms (D:1)
  4 giant cockroaches
  5 goblins
  A hobgoblin (D:1)
  5 jackals (D:1)
  A quokka (D:1)
  5 ball pythons
  3 bats
  2 frilled lizards (D:1)
  A kobold (D:2)
  7 rats
39 creatures vanquished.

Notes
Turn   | Place    | Note
-------+----------+-------------------------------------------
     0 | D:1      | browni3141 the Kobold Brigand began the quest for the Orb.
     0 | D:1      | Reached XP level 1. HP: 12/12 MP: 1/1
   158 | D:1      | Reached XP level 2. HP: 18/18 MP: 2/2
   386 | D:1      | Reached XP level 3. HP: 21/22 MP: 3/3
  1032 | D:2      | Reached skill level 6 in Stealth
  1280 | D:2      | Found Kuphuifuy's Weapon Shoppe.
  1316 | D:2      | Gained mutation: You have an increased reservoir of magic.
                  | (+10% MP) [potion of mutation]
  1316 | D:2      | Gained mutation: You are strong-willed. (Will+) [potion of
                  | mutation]
  1316 | D:2      | Gained mutation: Your flesh is cold resistant. (rC+)
                  | [potion of mutation]
  1316 | D:2      | Gained mutation: You are agile. (Dex +4, Str/Int -1)
                  | [potion of mutation]
  1318 | D:2      | Succumbed to a goblin's poison

Illustrated notes

Levels and vault maps discovered:
D:1:      lemuel_arrival_room, layout_basic
D:2:      layout_basic, serial_shops, nicolae_shop_advertising_works
          [nicolae_subvault_shop_adworks], minivault_11, minmay_misc_feat_alley

Skill      XL: |  1  2  3 |
---------------+----------+-----
Short Blades   | 3 |  3.2
Dodging        | 2 |  2.4
Stealth        | 6 |  6.0
Fighting       | |  2.6
Throwing       | |  2.1

Action                   || total
-------------------------++-------
Melee: Dagger            ||    62
Throw: Dart              ||     9
  Use: Potion            ||     3
 Stab: Sleeping          ||    22
Armor: Robe              ||    16
Dodge: Dodged            ||    39

Table legend: (Time is in decaauts)
 A = Elapsed time spent in this place.
 B = Non-inter-level travel time spent in this place.
 C = Inter-level travel time spent in this place.
 D = Time resting spent in this place.
 E = Time spent auto-exploring this place.
 F = Levels seen in this place.
 G = Mean time per level.
                   A        B        C        D        E       F      G
               +--------+--------+--------+--------+--------+-----+--------+
         Total |   1307 |   1234 |     73 |      0 |   1017 |   2 |  653.5 |
       Dungeon |   1307 |   1234 |     73 |      0 |   1017 |   2 |  653.5 |
               +--------+--------+--------+--------+--------+-----+--------+

Top non-repeatable levels by time:
     D:1: 960 daAuts
     D:2: 346 daAuts
